 Dungeon Crawl Stone Soup version 0.30.0-20-g3b4254fcbd (webtiles) character file.

Game seed: 4129500408907347831

26431 Graphine the Tortoise (level 12, -2/111 HPs)
             Began as an Armataur Monk on June 2, 2023.
             Was a Priest of Elyvilon.
             Hit by a boomerang thrown by an orc warrior (14 damage)
             ... on level 2 of the Orcish Mines.
             The game lasted 00:37:11 (13105 turns).

Graphine the Tortoise (Armataur Monk)              Turns: 13105, Time: 00:37:11

Health: -2/111     AC: -14   Str: 28    XL:     12   Next: 98%
Magic:  17/17      EV:  8    Int: 13    God:    Elyvilon [***...]
Gold:   1266       SH:  5    Dex: 16    Spells: 11/11 levels left

rFire   + + +        k - +8 long sword of Vyod {flame, Str+3 Int+3 SInv}
rCold   + + +        d - orb {light}
rNeg    + . .        w - +5 chain mail {rC+}
rPois   .            (helmet restricted)
rElec   +            (no cloak)
rCorr   .            A - +2 pair of gloves
SInv    +            (no barding)
Will    .....        l - amulet of reflection Stlth
                     m - ring "Ylir" {rElec rF+++ rC+ Str+6}
HPRegen 0.38/turn    o - ring of positive energy
MPRegen 0.15/turn

%: reflection, roll
@: mighty, corroded, slowed, glowing, very slow
A: large, rugged brown scales 3, deformed body, armoured tail, roll, long
tongue, awkward tongue, antennae 1, cold resistance 1, low MP 1, sense
surroundings 1, subdued magic 1
a: Renounce Religion, Purification, Heal Other, Heal Self


You were on level 2 of the Orcish Mines.
You worshipped Elyvilon.
Elyvilon was most pleased with you.
You visited 2 branches of the dungeon, and saw 13 of its levels.

You collected 1266 gold pieces.

Inventory:

Hand Weapons
 a - a +1 mace
 k - the +8 long sword of Vyod (weapon) {flame, Str+3 Int+3 SInv}
   (You found it on level 2 of the Dungeon)

   Str:       It affects your strength (+3).
   Int:       It affects your intelligence (+3).
   SInv:      It lets you see invisible.
 x - a +4 morningstar of freezing
 B - a +3 dagger
 C - the +3 trident of Sujaolux {heavy, rPois Stlth+}
   (You took it off a spriggan on level 9 of the Dungeon)

   rPois:     It protects you from poison.
   Stlth:     It makes you more stealthy.
 I - the +5 mace of Tyuxtir {holy, Fly rF+ Will+}
   (You found it on level 10 of the Dungeon)

   rF:        It protects you from fire.
   Fly:       It grants you flight.
   Will:      It increases your willpower.
Missiles
 F - 2 atropa-tipped darts (quivered)
 G - 3 throwing nets
Armour
 d - an orb of light (worn)
 w - a +5 chain mail of cold resistance (worn)
 A - a +2 pair of gloves (worn)
 D - a +0 helmet
Magical Staves
 i - a staff of earth
Jewellery
 l - an amulet of reflection (around neck)
 m - the ring "Ylir" (left hand) {rElec rF+++ rC+ Str+6}
   (You found it on level 2 of the Dungeon)

   [ring of protection from cold]

   Str:       It affects your strength (+6).
   rF:        It renders you almost immune to fire.
   rC:        It protects you from cold.
   rElec:     It insulates you from electricity.
 o - a ring of positive energy (right hand)
 p - a ring of protection from cold
 q - an amulet of the acrobat
 t - a ring of see invisible
 K - an amulet of guardian spirit
Wands
 b - a wand of quicksilver (2)
 v - a wand of polymorph (6)
 y - a wand of paralysis (18)
 L - a wand of mindburst (17)
Scrolls
 g - 7 scrolls of teleportation
 s - a scroll of immolation
 M - a scroll of identify
 P - a scroll of noise
Potions
 c - 9 potions of ambrosia
 f - 4 potions of curing
 j - a potion of invisibility
 n - a potion of degeneration
 r - 4 potions of flight
 u - 4 potions of lignification
 z - 5 potions of magic
 O - a potion of brilliance


   Skills:
 + Level 9.3 Fighting
 - Level 10.0 Long Blades
 + Level 4.7 Maces & Flails
 * Level 15.5 Armour
 - Level 2.6 Dodging
 + Level 9.3 Invocations


You had 11 spell levels left.
You didn't know any spells.
Your spell library contained the following spells:

 Spells                   Type           Power      Damage    Failure   Level
 Lesser Beckoning         Tloc           0%         N/A       77%         2
 Gell's Gravitas          Tloc           0%         N/A       94%         3
 Teleport Other           Tloc           0%         N/A       94%         3
 Dispersal                Tloc           0%         N/A       100%        6


Dungeon Overview and Level Annotations

Branches:
Dungeon (11/15)            Temple (0/1) D:6            Lair (0/5) D:9
    Orc (2/2) D:11            Elf (0/3) Orc:2

Altars:
Dithmenos
Elyvilon
Gozag
Kikubaaqudgha
Makhleb
Sif Muna
Trog
Xom
Zin

Shops:
D:4 =   Orc:1 =   Orc:2 *(*:*

Annotations:
Orc:2 exclusion: obsidian statue


Innate Abilities, Weirdness & Mutations

You are completely covered in rugged brown scales. (AC +3, +7% HP)
Armour fits poorly on your strangely shaped body.
You have a long armoured tail.
You roll when moving toward enemies. (Rampage)
Your long tongue fully drains potion bottles. (2x potion effects)
Your tongue gives you trouble enunciating. (1.5x scroll delay)
You have a pair of small antennae on your head.
Your flesh is cold resistant. (rC+)
Your magical capacity is low. (-10% MP)
You passively map a small area around you.
Your spells are a little easier to cast, but a little less powerful.


Message History

The orc warrior hits you from afar with a +3 trident!
* * * LOW HITPOINT WARNING * * *
You are confused.
You feel invigorated.
You slurp down every last drop of the potion of ambrosia!
The rust devil disappears in a puff of smoke!
The ogre closely misses you. The orc warrior barely misses you.
You bump into the rock wall.
The orc warrior hits you from afar with a +3 trident!
* * * LOW HITPOINT WARNING * * *
The ogre hits you with a +0 giant club!!
Elyvilon protects you from harm! The orc warrior closely misses you.
You hit the ogre. You burn the ogre.
The ogre is almost dead.
You feel less invigorated.
You feel less confused. The ogre closely misses you.
The orc warrior hits you from afar with a +3 trident!
* * * LOW HITPOINT WARNING * * *
Okay, then.
You are confused.
You feel invigorated.
You slurp down every last drop of the potion of ambrosia!
The orc warrior closely misses you.
The ogre hits you with a +0 giant club!!
* * * LOW HITPOINT WARNING * * *
You hit the ogre. You burn the ogre.
You kill the ogre!
The orc warrior hits you from afar with a +3 trident!
* * * LOW HITPOINT WARNING * * *
The orc warrior hits you from afar with a +3 trident!
* * * LOW HITPOINT WARNING * * *
Unknown command.
You feel less invigorated.
You feel less confused.
The orc warrior throws a boomerang.
The boomerang barely misses you. The orc warrior barely misses you.
The orc warrior throws a boomerang.
The boomerang hits you!
You die...

..####..#.....#.###<.........####
... ##.##)...### ##........###.8
.. ###...### ##.......###.$$ .###
#.##....### #.........##8$$
...###..........###.........##.$$
....###...........#....#...####.4
.....#............#...###...).##'
#...#...###..........# #....)...
##.......# ###..@..o.#####...)...
.#...#...## #..<...)O..##........
#....##...###)...##)...#.........
.....###...#..<.##..........#####
.....####........##........##....
....###........####...)...###....
.#.## ##......## ##.#..))# #..8.
.### ###...## ####))####.... ##
##.## #)))..#....


You could see an orc warrior and an ogre.

Vanquished Creatures
  Harold (D:9)
  Erolcha (D:9)
  The ghost of Zippel the Destroyer, a journeyman GrWn of Vehumet (Orc:2)
  A centaur warrior (Orc:2)
  The ghost of Graphine the Fighter, a novice MiFi of Ashenzari (D:9)
  3 two-headed ogres
  A tengu warrior (D:10)
  2 sixfirhies (D:9)
  2 orc knights (Orc:2)
  Pikel (D:9)
  2 orange demons (D:9)
  A rust devil (D:9)
  An unseen horror (D:11)
  2 ice devils (D:9)
  4 hellwings (D:9)
  5 trolls
  A queen bee (D:10)
  3 spriggans (D:9)
  18 yaks
  4 wyverns
  2 neqoxecs (D:9)
  2 wraiths
  A steam dragon (D:6)
  2 acid dragons (D:11)
  Duvessa (D:7)
  An ice beast (D:7)
  33 orc warriors
  A sky beast (D:7)
  A black bear (D:9)
  4 ogres
  19 centaurs
  A phantom (D:6)
  A kobold brigand (D:9)
  2 bullfrogs (D:8)
  A scorpion (D:5)
  8 wights
  Dowan (D:7)
  2 electric eels (D:9)
  29 killer bees
  A howler monkey (D:10)
  3 jellies
  Crazy Yiuf (D:7)
  12 orc priests
  A gnoll bouda (D:6)
  9 hounds
  2 iguanas
  4 sleepcaps
  Ijyb (D:4)
  17 orc wizards
  11 gnolls
  4 adders
  A shadow imp (D:7)
  A worm (D:4)
  4 dart slugs
  49 orcs
  5 endoplasms
  5 giant cockroaches
  4 goblins
  4 hobgoblins
  4 quokkas
  4 ball pythons
  3 bats
  16 frilled lizards
  12 kobolds
  8 rats
353 creatures vanquished.

Vanquished Creatures (others)
  3 orc warriors (Orc:2)
  A centaur (Orc:2)
  An orc priest (D:11)
  4 orcs
9 creatures vanquished.

Grand Total: 362 creatures vanquished

Notes
Turn   | Place    | Note
-------+----------+-------------------------------------------
     0 | D:1      | Graphine the Armataur Monk began the quest for the Orb.
     0 | D:1      | Reached XP level 1. HP: 19/19 MP: 1/1
   157 | D:1      | Reached XP level 2. HP: 17/26 MP: 2/2
   460 | D:1      | Reached XP level 3. HP: 29/33 MP: 3/3
   922 | D:2      | Identified the +8 long sword of Vyod {flame, Str+3 Int+3
                  | SInv}
  1228 | D:2      | Identified the ring "Ylir" {rElec rF+++ rC+ Str+6}
  1605 | D:3      | Reached XP level 4. HP: 40/40 MP: 4/4
  1607 | D:3      | Reached skill level 1 in Long Blades
  1679 | D:3      | Identified the +6 dagger "Uce Goh" {venom, *Noise rPois
                  | rCorr}
  1761 | D:3      | Reached skill level 1 in Armour
  1816 | D:3      | Found a white marble altar of Elyvilon.
  2379 | D:3      | Became a worshipper of Elyvilon the Healer
  2379 | D:3      | Reached * piety under Elyvilon
  2379 | D:3      | Reached ** piety under Elyvilon
  2677 | D:4      | Noticed Ijyb
  2682 | D:4      | Killed Ijyb
  2683 | D:4      | Reached skill level 2 in Armour
  2708 | D:4      | Found a bloodstained altar of Trog.
  2721 | D:4      | Reached XP level 5. HP: 34/48 MP: 5/5
  2873 | D:4      | Found Ciset's Jewellery Boutique.
  3107 | D:4      | Reached skill level 1 in Invocations
  3252 | D:4      | Identified a scroll of acquirement
  3252 | D:4      | Acquired an amulet of reflection
  3263 | D:5      | Entered Level 5 of the Dungeon
  3266 | D:5      | Reached skill level 3 in Armour
  3266 | D:5      | Reached XP level 6. HP: 55/55 MP: 5/7
  3550 | D:5      | Found an ancient bone altar of Kikubaaqudgha.
  3604 | D:5      | Reached *** piety under Elyvilon
  3723 | D:5      | You fall into a shaft and drop 1 floor!
  3780 | D:6      | Found an opulent altar of Gozag.
  3821 | D:6      | Reached skill level 4 in Armour
  4282 | D:6      | Found a staircase to the Ecumenical Temple.
  4305 | D:6      | Reached XP level 7. HP: 63/63 MP: 8/8
  4305 | D:6      | Reached **** piety under Elyvilon
  4474 | D:6      | Noticed a steam dragon
  4486 | D:6      | Killed a steam dragon
  4487 | D:6      | Reached skill level 5 in Armour
  4488 | D:6      | Gained mutation: You sometimes lose your temper in combat.
                  | [potion of mutation]
  4488 | D:6      | Gained mutation: You occasionally lose the ability to drink
                  | potions when taking damage. [potion of mutation]
  4488 | D:6      | Gained mutation: You are agile. (Dex +4, Str/Int -1)
                  | [potion of mutation]
  4488 | D:6      | Gained mutation: Your mind is acute. (Int +4, Str/Dex -1)
                  | [potion of mutation]
  4488 | D:6      | Gained mutation: Your spells are a little easier to cast,
                  | but a little less powerful. [potion of mutation]
  4488 | D:6      | Lost mutation: Your mind is acute. (Int +4, Str/Dex -1)
                  | [potion of mutation]
  4488 | D:6      | Lost mutation: Your spells are a little easier to cast, but
                  | a little less powerful. [potion of mutation]
  4660 | D:6      | Found a shadowy altar of Dithmenos.
  4888 | D:6      | Reached XP level 8. HP: 69/71 MP: 10/10
  4913 | D:6      | Found a shimmering altar of Xom.
  5070 | D:7      | Noticed Duvessa
  5070 | D:7      | Noticed Dowan
  5077 | D:7      | Killed Duvessa
  5078 | D:7      | Reached skill level 6 in Armour
  5085 | D:7      | Killed Dowan
  5176 | D:7      | Reached skill level 5 in Long Blades
  5357 | D:7      | Reached skill level 5 in Fighting
  5357 | D:7      | Reached skill level 7 in Armour
  5494 | D:7      | Found a runed translucent door.
  5495 | D:7      | Noticed Crazy Yiuf
  5642 | D:7      | Killed Crazy Yiuf
  5786 | D:7      | Reached XP level 9. HP: 76/79 MP: 12/12
  6121 | D:8      | Reached ***** piety under Elyvilon
  6214 | D:8      | Reached skill level 8 in Armour
  6333 | D:8      | Found a shadowy altar of Dithmenos.
  6622 | D:8      | Noticed a two-headed ogre
  6626 | D:8      | Killed a two-headed ogre
  6627 | D:8      | Reached skill level 9 in Armour
  6627 | D:8      | Reached skill level 5 in Invocations
  7195 | D:9      | Noticed an orange demon
  7195 | D:9      | Noticed an ice devil
  7195 | D:9      | Noticed a troll
  7195 | D:9      | Noticed an ice devil
  7196 | D:9      | Noticed a hellwing
  7198 | D:9      | Noticed an orange demon
  7198 | D:9      | Noticed a hellwing
  7199 | D:9      | Noticed a hellwing
  7201 | D:9      | Killed an ice devil
  7205 | D:9      | Killed an ice devil
  7206 | D:9      | Reached XP level 10. HP: 36/88 MP: 12/14
  7207 | D:9      | Gained mutation: You are frail. (-10% HP) [a neqoxec]
  7217 | D:9      | Killed an orange demon
  7218 | D:9      | Reached skill level 10 in Armour
  7221 | D:9      | Killed an orange demon
  7490 | D:9      | Noticed a sixfirhy
  7494 | D:9      | Killed a sixfirhy
  7590 | D:9      | Found a runed translucent door.
  7593 | D:9      | Reached skill level 11 in Armour
  7609 | D:9      | Noticed Graphine's ghost (novice MiFi)
  7611 | D:9      | Identified the +3 trident of Sujaolux {heavy, rPois Stlth+}
  7640 | D:9      | Killed Graphine's ghost
  7643 | D:9      | Reached XP level 11. HP: 75/89 MP: 15/15
  7899 | D:9      | Noticed Harold
  7899 | D:9      | Noticed a two-headed ogre
  7907 | D:9      | Killed a two-headed ogre
  7914 | D:9      | Killed Harold
  7915 | D:9      | Reached skill level 12 in Armour
  7918 | D:9      | Noticed Pikel
  7921 | D:9      | Found a staircase to the Lair.
  7925 | D:9      | Killed Pikel
  8150 | D:9      | Noticed Erolcha
  8158 | D:9      | Killed Erolcha
  8216 | D:9      | Noticed a sixfirhy
  8222 | D:9      | Killed a sixfirhy
  8457 | D:10     | Entered Level 10 of the Dungeon
  8549 | D:10     | Reached skill level 10 in Long Blades
  8580 | D:10     | Identified the +5 mace of Tyuxtir {holy, Fly rF+ Will+}
  8774 | D:10     | Reached skill level 13 in Armour
  8984 | D:10     | Found a burning altar of Makhleb.
  8985 | D:10     | Found a shimmering blue altar of Sif Muna.
  8985 | D:10     | Found a shimmering altar of Xom.
  8994 | D:10     | Found a glowing silver altar of Zin.
  9171 | D:10     | Noticed a tengu warrior
  9179 | D:10     | Killed a tengu warrior
  9736 | D:11     | Reached XP level 12. HP: 96/97 MP: 17/17
  9822 | D:11     | Lost mutation: You occasionally lose the ability to drink
                  | potions when taking damage. [potion of mutation]
  9822 | D:11     | Lost mutation: You sometimes lose your temper in combat.
                  | [potion of mutation]
  9822 | D:11     | Lost mutation: You are agile. (Dex +4, Str/Int -1) [potion
                  | of mutation]
  9822 | D:11     | Lost mutation: You are frail. (-10% HP) [potion of
                  | mutation]
  9822 | D:11     | Gained mutation: Your magical capacity is low. (-10% MP)
                  | [potion of mutation]
  9822 | D:11     | Gained mutation: Your spells are a little easier to cast,
                  | but a little less powerful. [potion of mutation]
  9822 | D:11     | Gained mutation: Your flesh is cold resistant. (rC+)
                  | [potion of mutation]
  9822 | D:11     | Gained mutation: You have a pair of small antennae on your
                  | head. [potion of mutation]
  9822 | D:11     | Gained mutation: You passively map a small area around you.
                  | [potion of mutation]
 10107 | D:11     | Noticed a two-headed ogre
 10112 | D:11     | Killed a two-headed ogre
 10152 | D:11     | Reached skill level 14 in Armour
 10205 | D:11     | Found a staircase to the Orcish Mines.
 10769 | Orc:1    | Entered Level 1 of the Orcish Mines
 10897 | Orc:1    | Found Cabes's Jewellery Shoppe.
 11202 | Orc:2    | Entered Level 2 of the Orcish Mines
 11263 | Orc:2    | Found a runed translucent gate.
 11263 | Orc:2    | Found a runed translucent gate.
 11264 | Orc:2    | Found a runed translucent gate.
 11264 | Orc:2    | Found an opulent altar of Gozag.
 11501 | Orc:2    | Noticed a centaur warrior
 11513 | Orc:2    | Killed a centaur warrior
 11556 | Orc:2    | HP: 6/132 [orc knight/+0 glaive (7)]
 11561 | Orc:2    | HP: 4/132 [orc warrior/bolt (6)]
 11830 | Orc:2    | Reached skill level 15 in Armour
 12069 | Orc:2    | Found a staircase to the Elven Halls.
 12511 | Orc:2    | Found Omnik's Weapon Emporium.
 12511 | Orc:2    | Found Tisoit's General Store.
 12513 | Orc:2    | Found Udepeuh's Book Boutique.
 12515 | Orc:2    | Found Bummerum's Assorted Antiques.
 12935 | Orc:2    | Noticed an orc high priest
 12937 | Orc:2    | Pacified an orc high priest
 12990 | Orc:2    | Found Ygiagid's Assorted Antiques.
 12990 | Orc:2    | Noticed Zippel's ghost (journeyman GrWn)
 13060 | Orc:2    | Killed Zippel's ghost
 13096 | Orc:2    | HP: 5/111 [orc warrior/+3 trident (14)]
 13099 | Orc:2    | Elyvilon protects you from harm!
 13102 | Orc:2    | HP: 1/111 [orc warrior/+3 trident (14)]
 13105 | Orc:2    | Hit by a boomerang thrown by an orc warrior

Illustrated notes

Levels and vault maps discovered:
D:1:      mainiacjoe_arrival_reflecting_pool, layout_loops_ring,
          hangedman_decor_clover_reticule
D:2:      layout_loops_ring, amethyst_killhole, minmay_lizard_king
D:3:      layout_basic, elyvilon_altar_4
D:4:      layout_basic, mainiacjoe_overflow_tiny_flanked, serial_shops,
          nicolae_shop_gaudy_bauble, uniq_ijyb
D:5:      layout_cave_pods, lemuel_round_altar, portal_sewer_entry_d
D:6:      layout_basic, nicolae_overflow_crystal_walls,
          minmay_temple_entry_crystal_x, hangedman_feature_mirror
D:7:      layout_cave_pods, uniq_duvessa, uniq_crazy_yiuf_cottage
D:8:      layout_loops_ring, lemuel_round_altar
D:9:      layout_basic, erik_lair_island, ebering_ghost_funeral_grove,
          serial_demonic, serial_demonic_e, serial_demonic_f, serial_demonic_c,
          serial_demonic_d, minmay_fountain_box, uniq_erolcha, uniq_pikel,
          uniq_harold
D:10:     layout_irregular_city, nicolae_overflow_quartered_altars, minivault_7
D:11:     layout_basic, orc_0_dummy, portal_ice_cave_entry_pillars_2,
          serial_park_tiny_pond
Orc:1:    layout_caves, serial_shops, nicolae_shop_rolling_square,
          minmay_orc_temple_a
Orc:2:    st_orc_rangers, layout_diamond_mine, basic_altar, ebering_ghost_gozag,
          minmay_orc_temple_c

Skill      XL: |  1  2  3  4  5  6  7  8  9 10 11 12 |
---------------+-------------------------------------+-----
Fighting       | 3 4 5 6 7 8 9 |  9.3
Maces & Flails | 3 4 |  4.7
Long Blades    | 1 2 3 4 5 7 8 10 | 10.0
Armour         | 2 3 4 5 7 9 11 13 15 | 15.5
Invocations    | 1 2 3 4 5 6 7 9 |  9.3
Dodging        | |  2.6

Action                     |  1- 3 |  4- 6 |  7- 9 | 10-12 || total
---------------------------+-------+-------+-------+-------++-------
  Melee: Mace              |    58 |       |       |       ||    58
         Tailslap          |     9 |     6 |    23 |   119 ||   157
         Long sword        |    30 |    63 |   129 |   603 ||   825
 Invoke: Heal Other        |       |       |     3 |    11 ||    14
         Heal Self         |       |       |       |    22 ||    22
         Purification      |       |       |       |     1 ||     1
         Divine Vigour     |       |       |       |     1 ||     1
  Evoke: Wand              |       |       |       |     7 ||     7
    Use: Scroll            |     6 |     9 |     8 |    12 ||    35
         Potion            |       |       |     2 |     5 ||     7
   Stab: Distracted        |       |       |       |     1 ||     1
 Armour: Robe              |    35 |       |       |       ||    35
         Chain mail        |     4 |    32 |    70 |   508 ||   614
  Dodge: Dodged            |    50 |    20 |    37 |   309 ||   416
  Block: Orb               |       |     5 |    24 |   173 ||   202
         Reflection        |       |       |     2 |    26 ||    28
